 Dungeon Crawl Stone Soup version 0.28-a0-1339-ga5422284a4 (webtiles) character file.

Game seed: 4260513270529453610

39 vivovinco the Skirmisher (level 3, -2/34 HPs)
             Began as a Minotaur Chaos Knight on Dec 28, 2021.
             Was a Plaything of Xom.
             Frozen to death by an endoplasm (5 damage)
             ... on level 1 of the Dungeon.
             The game lasted 00:04:23 (910 turns).

vivovinco the Skirmisher (Minotaur Chaos Knight)     Turns: 910, Time: 00:04:24

Health: -2/34      AC:  6    Str: 18    XL:     3   Next: 26%
Magic:  2/2        EV:  9    Int:  9    God:    Xom [..*...]
Gold:   46         SH:  0    Dex:  9    Spells: 2/2 levels left

rFire   . . .      SeeInvis .   e - +4 short sword (drain)
rCold   . . .      Faith    .   (no shield)
rNeg    . . .      Spirit   .   h - +0 scale mail
rPois   .          Reflect  .   (helmet restricted)
rElec   .          Harm     .   (no cloak)
rCorr   .          Rampage  .   (no gloves)
Will    .....                   (no boots)
Stlth   ..........              (no amulet)
HPRegen 0.11/turn               (no ring)
MPRegen 0.08/turn               (no ring)

@: no status effects
A: horns 2, retaliatory headbutt
a: Renounce Religion


You were on level 1 of the Dungeon.
You worshipped Xom.
You were a toy of Xom.
You visited 1 branch of the dungeon, and saw 2 of its levels.

You collected 46 gold pieces.

Inventory:

Hand Weapons
 a - a +0 hand axe of chaos
 e - a +4 short sword of draining (weapon)
Missiles
 d - 20 stones (quivered)
 g - 23 sling bullets
 j - 29 bolts
Armour
 b - a +2 leather armour
 h - a +0 scale mail (worn)
Scrolls
 c - 2 scrolls of identify {unknown}
 f - a scroll of amnesia {unknown}
Potions
 i - a potion of attraction {unknown}
 k - a potion of haste {unknown}


   Skills:
 + Level 4.5 Fighting
 + Level 0.4 Short Blades
 - Level 3.6 Axes
 + Level 3.2 Armour
 + Level 1.5 Dodging


You had 2 spell levels left.
You didn't know any spells.
Your spell library was empty.

Dungeon Overview and Level Annotations

Branches:
Dungeon (2/15)

Altars:


Innate Abilities, Weirdness & Mutations

You have a pair of horns on your head.
You reflexively headbutt those who attack you in melee.


Message History

The jackal barely misses you. The endoplasm closely misses you.
The jackal barely misses you.
You closely miss the jackal. Your headbutt misses the jackal.
The jackal is heavily wounded.
The endoplasm hits you but does no damage.
The jackal barely misses you.
You barely miss the jackal.
The jackal is heavily wounded.
The jackal barely misses you.
The endoplasm hits you but does no damage.
The jackal bites you but does no damage.
You barely miss the jackal. Your headbutt misses the jackal.
The jackal is moderately wounded.
The endoplasm freezes you.
You are frozen.
The jackal closely misses you.
You barely miss the jackal.
The jackal is moderately wounded.
The jackal bites you. The endoplasm freezes you.
You are frozen.
* * * LOW HITPOINT WARNING * * *
The jackal barely misses you. You furiously retaliate!
You headbutt the jackal.
You kill the jackal!
The endoplasm freezes you.
You are frozen.
* * * LOW HITPOINT WARNING * * *
The endoplasm hits you.
* * * LOW HITPOINT WARNING * * *
You see here a jackal corpse.
You hit the endoplasm.
The endoplasm is heavily wounded.
The endoplasm hits you but does no damage.
You barely miss the endoplasm.
The endoplasm is heavily wounded.
The endoplasm barely misses you.
You hit the endoplasm. Your headbutt misses the endoplasm.
The endoplasm is almost dead.
The endoplasm freezes you.
You are frozen.
You die...

##.###.#.######.##........#
#>..##.#.##........#####..# ##
###.#..................# #..#
.###...#..###############.# #..#
#....####.#.............#.###..#
.###...#..#.....BhJ.....#..##..#
## ###.#..#....BJhr.....#..##..#
#....#######J#######..##†.##
##†#.#.....@.†.....#........
#######.#.+⌠....###....⌠+.#######
#.......#.#......<......#.#
#.#######.#..⌠...>...⌠..#.# #.#
#.###'#######'###.# #.#
#.................# #.#
###.#..###.####.### ..# #....#
#......# ### #.#### #.######


You could see 3 endoplasms, 2 jackals, 2 giant cockroaches and a rat.

Vanquished Creatures
  A worm (D:1)
  A dart slug (D:1)
  2 bats (D:1)
  3 endoplasms (D:1)
  2 giant cockroaches (D:1)
  2 hobgoblins (D:1)
  6 jackals (D:1)
  2 quokkas (D:1)
  4 ball pythons (D:1)
  2 frilled lizards (D:1)
  4 kobolds (D:1)
  2 rats (D:1)
31 creatures vanquished.

Notes
Turn   | Place    | Note
-------+----------+-------------------------------------------
     0 | D:1      | vivovinco the Minotaur Chaos Knight began the quest for the
                  | Orb.
     0 | D:1      | Reached XP level 1. HP: 19/19 MP: 0/0
     1 | D:1      | Found a runed translucent door.
   136 | D:1      | XOM: silly message
   198 | D:1      | XOM: silly message
   259 | D:1      | Reached skill level 4 in Fighting
   279 | D:1      | Reached XP level 2. HP: 19/27 MP: 1/1
   506 | D:1      | XOM: smoke on damage
   575 | D:1      | XOM: divination: detect creatures
   638 | D:1      | XOM: 2-stop teleportation journey
   823 | D:1      | XOM: silly message
   873 | D:1      | XOM is BORED!
   876 | D:1      | XOM: noise
   891 | D:1      | Reached XP level 3. HP: 29/34 MP: 2/2
   910 | D:1      | Frozen to death by an endoplasm

Illustrated notes

Levels and vault maps discovered:
D:1:      dpeg_arrival_caged_fury, layout_loops_ring
D:2:      layout_basic, serial_forest, infiniplex_forest_clump_small,
          infiniplex_forest_straight_4, infiniplex_forest_end_double,
          infiniplex_forest_lined_room_3, infiniplex_forest_corner_2,
          infiniplex_forest_clump_large, infiniplex_forest_straight_4

Skill      XL: |  1  2 |
---------------+-------+-----
Fighting       | 4 |  4.5
Armour         | 3 |  3.2
Short Blades   | |  0.4
Axes           | |  3.6
Dodging        | |  1.5

Action                   || total
-------------------------++-------
Melee: Short sword       ||    57
       Hand axe          ||    11
       Headbutt          ||     5
Throw: Stone             ||     3
Armor: Leather armour    ||    18
       Scale mail        ||    13
Dodge: Dodged            ||    33

Table legend: (Time is in decaauts)
 A = Elapsed time spent in this place.
 B = Non-inter-level travel time spent in this place.
 C = Inter-level travel time spent in this place.
 D = Time resting spent in this place.
 E = Time spent auto-exploring this place.
 F = Levels seen in this place.
 G = Mean time per level.
                   A        B        C        D        E       F      G
               +--------+--------+--------+--------+--------+-----+--------+
         Total |    917 |    917 |      0 |    159 |    500 |   2 |  458.5 |
       Dungeon |    917 |    917 |      0 |    159 |    500 |   2 |  458.5 |
               +--------+--------+--------+--------+--------+-----+--------+

Top non-repeatable levels by time:
     D:1: 912 daAuts
     D:2: 4 daAuts
